 Dungeon Crawl Stone Soup version 0.29-a0-106-g0a07039d5a (webtiles) character file.

Game seed: 13283320240508532662

1120 cyrus the Slasher (level 8, 0/37 HPs)
             Began as a Vine Stalker Fighter on Feb 16, 2022.
             Was a Believer of Hepliaklqana.
             Succumbed to a killer bee's poison
             ... on level 5 of the Dungeon on Feb 17, 2022.
             The game lasted 00:09:59 (4536 turns).

cyrus the Slasher (Vine Stalker Fighter)            Turns: 4536, Time: 00:09:59

Health: 0/37       AC:  8    Str: 19    XL:     8   Next: 34%
Magic:  1/9        EV: 10    Int: 10    God:    Hepliaklqana [**....]
Gold:   315        SH:  5    Dex: 14    Spells: 7/7 levels left

rFire   . . .      SeeInvis .   a - +0 long sword
rCold   . . .      Faith    .   c - +0 buckler
rNeg    . . .      Spirit   +   b - +0 scale mail
rPois   .          Reflect  .   (no helmet)
rElec   .          Harm     .   (no cloak)
rCorr   .          Rampage  .   (no gloves)
Will    +....                   f - +0 pair of boots
Stlth   +.........              (no amulet)
HPRegen 0.92/turn               (no ring)
MPRegen 0.11/turn               (no ring)

@: lethally poisoned (0 -> -4)
A: reduced essence, fangs 3, regeneration 1, magic shield, antimagic bite, no
potion heal 2
a: Renounce Religion, Recall Ancestor, Ancestor Identity


You were on level 5 of the Dungeon.
You worshipped Hepliaklqana.
Hepliaklqana was pleased with you.
You visited 1 branch of the dungeon, and saw 5 of its levels.

You collected 315 gold pieces.

Inventory:

Hand Weapons
 a - a +0 long sword (weapon)
Armour
 b - a +0 scale mail (worn)
 c - a +0 buckler (worn)
 f - a +0 pair of boots (worn)
Jewellery
 v - a +6 ring of strength
Scrolls
 h - a scroll of summoning {unknown}
 i - 6 scrolls of teleportation {unknown}
 k - a scroll of silence {unknown}
 l - 2 scrolls of fear {unknown}
 n - 2 scrolls of enchant weapon {unknown}
 o - 2 scrolls of immolation {unknown}
 p - a scroll of fog {unknown}
 q - a scroll of torment {unknown}
 r - 3 scrolls of identify {unknown}
 t - a scroll of holy word {unknown}
Potions
 d - a potion of might
 e - 2 potions of degeneration {unknown}
 g - a potion of magic {unknown}
 j - 2 potions of curing {unknown}
 m - 3 potions of heal wounds {unknown}
 s - a potion of brilliance {unknown}
 u - a potion of attraction {unknown}
 w - a potion of ambrosia {unknown}


   Skills:
 + Level 3.7 Fighting
 + Level 5.4 Long Blades
 + Level 5.1 Armour
 + Level 2.0 Dodging
 + Level 1.8 Stealth
 + Level 3.9 Shields


You had 7 spell levels left.
You didn't know any spells.
Your spell library contained the following spells:

 Spells                   Type           Power      Damage    Failure   Level
 Freeze                   Ice            0%         1d3       80%         1
 Magic Dart               Conj           0%         1d3       80%         1
 Call Imp                 Summ           0%         N/A       91%         2
 Static Discharge         Conj/Air       0%         N/A       91%         2
 Confusing Touch          Hex            0%         N/A       99%         3
 Mephitic Cloud           Conj/Pois/Air  0%         N/A       99%         3
 Summon Ice Beast         Ice/Summ       0%         N/A       100%        4
 Lightning Bolt           Conj/Air       0%         1d11      100%        5
 Yara's Violent Unravell  Hex/Tmut       0%         3d3       100%        5
 Enfeeble                 Hex            0%         N/A       100%        7


Dungeon Overview and Level Annotations

Branches:
Dungeon (5/15)             Temple (0/1) D:4

Altars:
Hepliaklqana
Okawaru
Ru
Uskayaw
Vehumet
The Shining One


Innate Abilities, Weirdness & Mutations

Your life essence is reduced to manifest your ancestor. (-10% HP)
You have razor-sharp teeth.
Your natural rate of healing is unusually fast.
When hurt, damage is shared between your health and your magic reserves.
Your bite disrupts and absorbs the magic of your enemies.
Potions cannot restore your health.


Message History

Naro the warrior hits the adder with a +0 flail!
The killer bee stings you but does no damage.
The killer bee closely misses you.
Naro the warrior closely misses the adder.
You hit the ogre. You bite the ogre. You drain its power.
The ogre is severely wounded.
The killer bee misses you. The killer bee stings you.
You are poisoned.
The killer bee poisons you! The ogre barely misses you. The iguana bites you!
The killer bee stings you but does no damage.
You barely miss the ogre.
The ogre is severely wounded.
You feel very sick.
The killer bee stings you but does no damage.
The wyvern zombie bites Naro the warrior!
The adder barely misses you. The iguana closely misses you.
The ogre hits you with a +0 giant club!!
Ouch! That really hurt!
* * * LOW HITPOINT WARNING * * *
Naro the warrior hits the wyvern zombie with a +0 flail.
The killer bee stings you.
* * * LOW HITPOINT WARNING * * *
You are lethally poisoned!
The killer bee poisons you!
The wyvern zombie bites Naro the warrior!
Naro the warrior is destroyed!
The adder bites you but does no damage. You block the iguana's attack.
Unknown command.
You hit the ogre.
The ogre is almost dead.
* * * LOW HITPOINT WARNING * * *
You feel very sick. The killer bee stings you.
* * * LOW HITPOINT WARNING * * *
The killer bee completely misses you. The ogre completely misses you.
The adder bites you but does no damage. You block the iguana's attack.
The killer bee stings you but does no damage.
You barely miss the ogre.
The ogre is almost dead.
You die...

####....+ #.
##..##..## ..
#...†'#####
##
#...)##))[##
##..##.....#
##'##.......
##..##...8...
#Oy.†'†......
#@lZ)##.....#
##S.#'# $=$##
####..# ###
...# #. .....
#####. ..##..
#...#. ###
#?(
......#####
##
..........#


You could see an ogre, an iguana, a killer bee, an adder and a wyvern zombie.

Vanquished Creatures
  A necrophage (D:5)
  An ogre (D:5)
  A centaur (D:5)
  A jelly (D:5)
  An orc priest (D:5)
  A hound (D:5)
  4 adders
  A white imp (D:5)
  2 worms
  2 dart slugs (D:1)
  3 orcs (D:4)
  2 ball pythons (D:4)
  9 bats
  5 endoplasms
  A giant cockroach (D:1)
  7 goblins
  6 hobgoblins
  2 jackals (D:4)
  A quokka (D:1)
  4 frilled lizards
  6 kobolds
  A rat (D:1)
62 creatures vanquished.

Vanquished Creatures (collateral kills)
  A sky beast (D:4)
  2 black bears (D:5)
  An ogre (D:4)
  A scorpion (D:5)
  2 howler monkeys
  2 hounds
  An iguana (D:5)
  An orc wizard (D:4)
  2 adders
  2 worms (D:3)
  A dart slug (D:2)
  2 orcs (D:4)
  2 ball pythons (D:4)
  3 bats
  3 endoplasms
  A goblin (D:4)
  4 hobgoblins
  2 jackals (D:4)
  2 kobolds
  A quokka (D:3)
  A rat (D:3)
37 creatures vanquished.

Vanquished Creatures (others)
  2 knights (D:5)
  A plant (D:1)
3 creatures vanquished.

Grand Total: 102 creatures vanquished

Notes
Turn   | Place    | Note
-------+----------+-------------------------------------------
     0 | D:1      | cyrus the Vine Stalker Fighter began the quest for the Orb.
     0 | D:1      | Reached XP level 1. HP: 11/11 MP: 2/2
   154 | D:1      | Reached XP level 2. HP: 2/16 MP: 3/3
  1407 | D:1      | Reached XP level 3. HP: 19/19 MP: 4/4
  1521 | D:1      | Found a faded altar of an unknown god.
  1538 | D:1      | Prayed at the altar of an unknown god.
  1538 | D:1      | Became a worshipper of Hepliaklqana the Forgotten
  1538 | D:1      | Reached * piety under Hepliaklqana
  2507 | D:2      | Gained mutation: Your natural rate of healing is unusually
                  | fast. [Vine Stalker growth]
  2507 | D:2      | Reached XP level 4. HP: 16/20 MP: 5/5
  2630 | D:2      | Found a radiant altar of Vehumet.
  2904 | D:3      | Reached ** piety under Hepliaklqana
  2909 | D:3      | Remembered your ancestor Naro the warrior as a knight
  3108 | D:3      | Found a hide-covered altar of Uskayaw.
  3313 | D:4      | Reached XP level 5. HP: 25/25 MP: 6/6
  3368 | D:4      | Noticed an ogre
  3376 | D:4      | Noticed a sky beast
  3380 | D:4      | Killed an ogre
  3381 | D:4      | Reached skill level 1 in Dodging
  3381 | D:4      | Reached skill level 1 in Stealth
  3381 | D:4      | Reached XP level 6. HP: 28/28 MP: 7/7
  3395 | D:4      | Killed a sky beast
  3583 | D:4      | Found a staircase to the Ecumenical Temple.
  3729 | D:4      | Found a sacrificial altar of Ru.
  3947 | D:5      | Entered Level 5 of the Dungeon
  3959 | D:5      | Found an iron altar of Okawaru.
  3962 | D:5      | Noticed a necrophage
  3969 | D:5      | Killed a necrophage
  3970 | D:5      | Reached XP level 7. HP: 30/32 MP: 5/8
  4146 | D:5      | Found a glowing golden altar of the Shining One.
  4168 | D:5      | Got the Reference Book on Ice and Combat Magic
  4511 | D:5      | Gained mutation: You have razor-sharp teeth. [Vine Stalker
                  | growth]
  4511 | D:5      | Reached XP level 8. HP: 36/36 MP: 7/9
  4512 | D:5      | Reached skill level 5 in Long Blades
  4517 | D:5      | Reached skill level 5 in Armour
  4535 | D:5      | HP: 1/37 [killer bee (3)]
  4536 | D:5      | Succumbed to a killer bee's poison

Illustrated notes

Levels and vault maps discovered:
D:1:      dpeg_arrival_fog, layout_loops_ring, chequers_ecumenical_altar_lobes
D:2:      layout_basic, basic_altar
D:3:      layout_basic, eat_drink_and_be_merry_uskayaw
D:4:      layout_rooms, nicolae_ru_path_of_blood,
          minmay_temple_entry_statues_pillars
D:5:      minmay_bubble_buster, layout_loops_corners, overflow_temple_1_default,
          tso_oasis_becter

Skill      XL: |  1  2  3  4  5  6  7  8 |
---------------+-------------------------+-----
Shields        | 3 |  3.9
Long Blades    | 2 3 4 5 |  5.4
Armour         | 3 4 5 |  5.1
Fighting       | 3 |  3.7
Dodging        | 1 2 |  2.0
Stealth        | 1 |  1.8

Action                   |  1- 3 |  4- 6 |  7- 9 || total
-------------------------+-------+-------+-------++-------
Melee: Long sword        |    85 |    67 |    32 ||   184
       Bite              |    21 |    16 |     9 ||    46
Invok: Ancestor Identity |     1 |       |       ||     1
       Ancestor Life: Kn |       |     1 |       ||     1
       Recall Ancestor   |       |       |     1 ||     1
Armor: Scale mail        |   104 |    43 |    17 ||   164
Dodge: Dodged            |    95 |    35 |    24 ||   154
Block: Buckler           |    50 |    13 |     8 ||    71

Table legend: (Time is in decaauts)
 A = Elapsed time spent in this place.
 B = Non-inter-level travel time spent in this place.
 C = Inter-level travel time spent in this place.
 D = Time resting spent in this place.
 E = Time spent auto-exploring this place.
 F = Levels seen in this place.
 G = Mean time per level.
                   A        B        C        D        E       F      G
               +--------+--------+--------+--------+--------+-----+--------+
         Total |   4590 |   4453 |    137 |   1549 |   1993 |   5 |  918.0 |
       Dungeon |   4590 |   4453 |    137 |   1549 |   1993 |   5 |  918.0 |
               +--------+--------+--------+--------+--------+-----+--------+

Top non-repeatable levels by time:
     D:1: 1935 daAuts
     D:2: 926 daAuts
     D:4: 646 daAuts
     D:5: 596 daAuts
     D:3: 485 daAuts
